 Dungeon Crawl Stone Soup version 0.17.0-24-gcfadda4 (webtiles) character file.

30 Sorcv the Vexing (level 3, 0/26 HPs)
             Began as a Mummy Enchanter on Nov 15, 2015.
             Slain by a goblin (2 damage)
             ... led by Robin
             ... on level 2 of the Dungeon.
             The game lasted 00:04:07 (1039 turns).

Sorcv the Vexing (Mummy Enchanter)                  Turns: 1039, Time: 00:04:07

Health: 0/26       AC:  3    Str: 11    XL:     3   Next: 5%
Magic:  2/6        EV:  7    Int: 14    God:
Gold:   119        SH:  0    Dex: 13    Spells: 2 memorised, 3 levels left

rFire  x . .     SeeInvis .     a - +1 dagger
rCold  + . .     Clarity  .     b - +1 robe
rNeg   + + +     SustAt   .     (no shield)
rPois  ∞         Gourm    .     (no helmet)
rElec  .         Spirit   .     (no cloak)
rCorr  .         Warding  .     (no gloves)
rMut   .         Stasis   .     (no boots)
MR     .....                    (no amulet)
Stlth  ++........               (no ring)
                                (no ring)

@: very slightly contaminated, not resistant to hostile enchantments, unstealthy
A: no food or potions, fire vulnerability, cold resistance 1, negative energy
resistance 3, torment resistance, unbreathing
a: no special abilities


You were on level 2 of the Dungeon.
You were not hungry.

You visited 1 branch of the dungeon, and saw 2 of its levels.

You collected 119 gold pieces.

Inventory:

Hand Weapons
 a - a +1 dagger (weapon)
Armour
 b - a +1 robe (worn)
Scrolls
 d - a scroll of random uselessness {unknown}
 e - a scroll of recharging {unknown}
 f - a scroll of identify {unknown}
 g - a scroll of remove curse {unknown}
 h - a scroll of teleportation {unknown}
 i - a scroll of enchant armour {unknown}
Books
 c - a book of Maledictions

   Spells                             Type                      Level
   a - Corona                         Hexes                        1
   b - Ensorcelled Hibernation        Hexes/Ice                    2
   c - Confuse                        Hexes                        3
   d - Tukima's Dance                 Hexes                        3
   e - Dazzling Spray                 Conjuration/Hexes            3


   Skills:
 + Level 1.1 Fighting
 + Level 1.5 Short Blades
 - Level 1.5 Dodging
 + Level 2.6 Stealth
 - Level 2.0 Spellcasting
 - Level 3.0 Hexes


You had 3 spell levels left.
You knew the following spells:

 Your Spells              Type           Power        Failure   Level  Hunger
a - Corona                Hex            #......      10%         1    N/A
b - Ensorcelled Hibernat  Hex/Ice        #.....       21%         2    N/A

Dungeon Overview and Level Annotations

Branches:
Dungeon (2/15)

Altars:

Annotations:
D:2 Robin


Innate Abilities, Weirdness & Mutations

You do not eat or drink.
Your flesh is vulnerable to fire.
You are immune to poison.
Your flesh is cold resistant.
You are immune to negative energy.
You are immune to unholy pain and torment.
You can survive without breathing.


Message History

The goblin barely misses you. The goblin hits you but does no damage.
Robin throws the goblin at you!
* * * LOW HITPOINT WARNING * * *
Robin throws the goblin at you! The goblin closely misses you.
Read which item? (? for menu, Esc to quit)
Okay, then.
Robin roars a battlecry!
The goblin goes into a battle-frenzy!
The hobgoblin shouts!
The goblin completely misses you. Robin throws the goblin at you!
* * * LOW HITPOINT WARNING * * *
The goblin hits you.
* * * LOW HITPOINT WARNING * * *
The goblin barely misses you.
There is a stone staircase leading down here.
Robin says, "My goblins will feast on your bones."
The goblin closely misses you. The goblin hits you.
You die...

g....#....##..# #.#
....#(####..###..##..#
....#.#.....# #.....##
#..#...##..###.#....# . #.....#
##..#.....#.# ...##....#
#...#......# # K.#........
..!.........# .
...........###...##....#..# .
##.# ...##..g@...........##.##
###... ......#.g..#..##.........
.#..# ##...# #.g..#...#.)<..#.#.
.#.####....# #..g.#.........#...
........#..# #g.g..........#####
#).####g#...###gg.!...........# #
#†.####.#.#.....g............[# #
....g...#..g..................#..
.........K.#....................>


You could see Robin, 3 hobgoblins and 5 goblins.

Vanquished Creatures
  A giant gecko (D:2)
  3 giant cockroaches
  3 hobgoblins
  A quokka (D:2)
  5 bats
  2 giant newts (D:1)
  5 goblins
  6 kobolds
  2 rats (D:2)
28 creatures vanquished.

Notes
Turn   | Place    | Note
--------------------------------------------------------------
     0 | D:1      | Sorcv the Mummy Enchanter began the quest for the Orb.
     0 | D:1      | Reached XP level 1. HP: 13/13 MP: 3/3
    98 | D:1      | Reached skill level 1 in Short Blades
   370 | D:1      | Reached XP level 2. HP: 16/19 MP: 3/5
   374 | D:1      | Learned a level 2 spell: Ensorcelled Hibernation
   724 | D:1      | Reached skill level 3 in Hexes
   791 | D:2      | Found a faded altar to an unknown god.
   859 | D:2      | Reached skill level 1 in Fighting
   944 | D:2      | Reached XP level 3. HP: 18/26 MP: 6/6
  1002 | D:2      | Noticed Robin
  1039 | D:2      | Slain by a goblin

Action                   || total
-------------------------++-------
Melee: Dagger            ||    86
 Cast: Corona            ||    10
       Ensorcelled Hiber ||     8
 Stab: Sleeping          ||     7
